 Dungeon Crawl Stone Soup version 0.30-a0-347-gf58ed5266c (webtiles) character file.

Game seed: 10227656374748156769

156 porpoise the Poker (level 5, -8/41 HPs)
             Began as a Demonspawn Gladiator on Nov 7, 2022.
             Mangled by Menkaure (21 damage)
             ... on level 4 of the Dungeon.
             The game lasted 00:08:13 (3098 turns).

porpoise the Poker (Demonspawn Gladiator)           Turns: 3098, Time: 00:08:13

Health: -8/41      AC:  7    Str: 16    XL:     5   Next: 14%
Magic:  5/5        EV:  9    Int:  9    God:
Gold:   103        SH:  3    Dex: 15    Spells: 4/4 levels left

rFire   . . .      SeeInvis .    a - +0 trident
rCold   . . .      Faith    .    t - +0 buckler
rNeg    . . .      Spirit   .    u - +0 scale mail
rPois   .          Reflect  .    c - +0 helmet
rElec   .          Harm     .    (no cloak)
rCorr   .          Rampage  .    (no gloves)
Will    .....                    (no boots)
Stlth   ..........               (no amulet)
HPRegen 0.26/turn                (no ring)
MPRegen 0.09/turn                (no ring)

@: no status effects
A: demonic magic 2, demonic touch 1
a: no special abilities


You were on level 4 of the Dungeon.
You visited 1 branch of the dungeon, and saw 4 of its levels.

You collected 103 gold pieces.

Inventory:

Hand Weapons
 a - a +0 trident (weapon)
Missiles
 d - 3 throwing nets (quivered)
 e - a javelin
 n - 3 silver boomerangs
Armour
 c - a +0 helmet (worn)
 t - a +0 buckler (worn)
 u - a +0 scale mail (worn)
Jewellery
 o - a ring of magical power
 s - an amulet of faith
Scrolls
 b - a scroll of blinking {unknown}
 f - a scroll of fear {unknown}
 j - a scroll of magic mapping {unknown}
 p - a scroll of amnesia {unknown}
Potions
 g - 2 potions of resistance
 h - a potion of invisibility
 i - 2 potions of attraction
 l - 3 potions of curing
 m - a potion of brilliance
 q - a potion of heal wounds {unknown}
 r - a potion of haste {unknown}


   Skills:
 + Level 3.3 Fighting
 * Level 4.7 Polearms
 - Level 1.7 Throwing
 - Level 2.6 Dodging


You had 4 spell levels left.
You didn't know any spells.
Your spell library contained the following spells:

 Spells                   Type           Power      Damage    Failure   Level
 Sandblast                Erth           0%         2d4       91%         1
 Passwall                 Tmut/Erth      0%         N/A       97%         2
 Frozen Ramparts          Ice            0%         1d1       100%        3
 Stone Arrow              Conj/Erth      0%         3d7       100%        3
 Ice Form                 Ice/Tmut       0%         N/A       100%        4
 Summon Ice Beast         Ice/Summ       0%         N/A       100%        4


Dungeon Overview and Level Annotations

Branches:
Dungeon (4/15)
 Temple: D:4-7

Altars:

Annotations:
D:4 Menkaure


Innate Abilities, Weirdness & Mutations

Spells you cast may paralyse nearby enemies.
Your touch may inflict minor irresistible damage on your foes.


Message History

As you read the scroll of identify, it crumbles to dust.
g - 2 potions of resistance
As you read the scroll of identify, it crumbles to dust.
i - 2 potions of attraction
As you read the scroll of identify, it crumbles to dust.
h - a potion of invisibility
Okay, then.
Found a stone staircase leading down.
k - a scroll of identify
Okay, then.
As you read the scroll of identify, it crumbles to dust.
m - a potion of brilliance A hobgoblin comes into view.
The hobgoblin shouts!
The hobgoblin moves out of view.
You reach to attack!
You hit the hobgoblin.
The hobgoblin is moderately wounded.
You puncture the hobgoblin!
You kill the hobgoblin!
No target in view!
Menkaure, Prince of Dust comes into view.
Menkaure shouts!
You aren't carrying any items that you can evoke.
Unknown command.
Unknown command.
Menkaure calls on the powers of darkness!
Your body is wracked with pain!
You reach to attack!
You hit Menkaure but do no damage. You hit Menkaure.
Menkaure is lightly damaged.
Menkaure casts a spell.
Menkaure seems to speed up.
You hit Menkaure but do no damage.
Menkaure is lightly damaged.
Menkaure calls on the powers of darkness!
Your body is wracked with pain!
You are too injured to fight recklessly!
Menkaure hits you!!
Ouch! That really hurt!
You die...

......### #....###
#####......#####
##.......#......######
##........###.........#
##.........#
###........
...........# #........
.......M...# ##.......
.......@...# ##......
...........# #......
...........# ##.....
...........# ##....
...........# ##...
...........# ##..
.......#...# ###
....... .... #


You could see Menkaure (fast).

Vanquished Creatures
  An iguana (D:3)
  Terence (D:3)
  An adder (D:2)
  A worm (D:2)
  A dart slug (D:1)
  3 orcs (D:3)
  9 bats
  8 endoplasms
  8 giant cockroaches
  6 goblins
  4 hobgoblins
  8 jackals
  7 quokkas
  3 ball pythons
  8 frilled lizards
  8 kobolds
  5 rats
82 creatures vanquished.

Notes
Turn   | Place    | Note
-------+----------+-------------------------------------------
     0 | D:1      | porpoise the Demonspawn Gladiator began the quest for the
                  | Orb.
     0 | D:1      | Reached XP level 1. HP: 16/16 MP: 1/1
    81 | D:1      | Reached skill level 3 in Polearms
   175 | D:1      | Gained mutation: Spells you cast may paralyse adjacent
                  | enemies. [demonic ancestry]
   175 | D:1      | Reached XP level 2. HP: 18/22 MP: 2/2
   595 | D:1      | Gained mutation: Your touch may inflict minor irresistible
                  | damage on your foes. [demonic ancestry]
   595 | D:1      | Reached XP level 3. HP: 28/28 MP: 3/3
  1100 | D:2      | Reached skill level 4 in Polearms
  1271 | D:2      | Gained mutation: Spells you cast may paralyse nearby
                  | enemies. [demonic ancestry]
  1271 | D:2      | Reached XP level 4. HP: 34/34 MP: 4/4
  1610 | D:2      | Found a faded altar of an unknown god.
  2251 | D:3      | Noticed Terence
  2267 | D:3      | Killed Terence
  2268 | D:3      | Reached XP level 5. HP: 41/41 MP: 5/5
  3090 | D:4      | Noticed Menkaure
  3098 | D:4      | Mangled by Menkaure

Illustrated notes

Levels and vault maps discovered:
D:1:      psy_arrival_dodecagon, layout_loops_ring, grunt_decor_mini_mirrors,
          grunt_decor_fettered
D:2:      layout_basic, dreamdust_ecumenical_altar_statues
D:3:      minmay_wonky_spiral, layout_loops_corners, hangedman_glass_teeth,
          grunt_ministairs_7, kennysheep_generic_room_12, uniq_terence
D:4:      layout_cave_pods, nicolae_overflow_crystal_walls, uniq_menkaure,
          uniq_eustachio

Skill      XL: |  1  2  3  4 |
---------------+-------------+-----
Polearms       | 3 4 |  4.7
Fighting       | 3 |  3.3
Throwing       | |  1.7
Dodging        | |  2.6

Action                   |  1- 3 |  4- 6 || total
-------------------------+-------+-------++-------
Melee: Trident           |   148 |    89 ||   237
       Touch             |     7 |    10 ||    17
Throw: Throwing net      |       |     1 ||     1
  Use: Scroll            |       |     5 ||     5
 Stab: Sleeping          |     5 |       ||     5
       Held in net/web   |       |     2 ||     2
Armor: Leather armour    |    37 |     1 ||    38
       Ring mail         |       |    24 ||    24
       Scale mail        |       |     3 ||     3
Dodge: Dodged            |    84 |    45 ||   129
Block: Buckler           |       |     4 ||     4

Table legend: (Time is in decaauts)
 A = Elapsed time spent in this place.
 B = Non-inter-level travel time spent in this place.
 C = Inter-level travel time spent in this place.
 D = Time resting spent in this place.
 E = Time spent auto-exploring this place.
 F = Levels seen in this place.
 G = Mean time per level.
                   A        B        C        D        E       F      G
               +--------+--------+--------+--------+--------+-----+--------+
         Total |   3129 |   2962 |    167 |    185 |   2125 |   4 |  782.2 |
       Dungeon |   3129 |   2962 |    167 |    185 |   2125 |   4 |  782.2 |
               +--------+--------+--------+--------+--------+-----+--------+

Top non-repeatable levels by time:
     D:3: 1227 daAuts
     D:2: 954 daAuts
     D:1: 894 daAuts
     D:4: 52 daAuts
